 Dungeon Crawl Stone Soup version 0.29-a0-340-g6efceafd81 (webtiles) character file.

Game seed: 287473679582694483

8791 bande the Cleaver (level 11, -9/68 HPs)
             Began as a Gargoyle Fighter on Apr 19, 2022.
             Was a High Priest of Okawaru.
             Mangled by a sun demon (11 damage)
             ... summoned by a kobold demonologist
             ... on level 10 of the Dungeon.
             The game lasted 00:22:06 (13150 turns).

bande the Cleaver (Gargoyle Fighter)               Turns: 13150, Time: 00:22:07

Health: -9/68      AC: 29    Str: 27    XL:     11   Next: 36%
Magic:  17/17      EV:  7    Int:  5    God:    Okawaru [*****.]
Gold:   51         SH:  5    Dex: 11    Spells: 10/10 levels left

rFire   . . .      SeeInvis +   a - +0 war axe (venom)
rCold   . . .      Faith    .   c - +0 buckler
rNeg    + . .      Spirit   .   D - +1 plate armour of Atheism {Regen+ Int-3 SInv}
rPois   ∞          Reflect  .   b - +2 helmet
rElec   +          Harm     .   v - +0 cloak
rCorr   .          Rampage  .   (no gloves)
Will    .....                   n - +1 pair of boots
Stlth   ..........              (no amulet)
HPRegen 1.01/turn               g - +6 ring of strength
MPRegen 0.15/turn               p - ring of flight

@: about to teleport, flying, studying Slings
A: sickness immunity, AC +8, negative energy resistance 1, electricity
resistance, torment resistance 1, petrification resistance, clumsy 1
a: Renounce Religion, Heroism, Finesse, Duel


You were on level 10 of the Dungeon.
You worshipped Okawaru.
Okawaru was extremely pleased with you.
You visited 1 branch of the dungeon, and saw 10 of its levels.
You also visited: Ossuary.

You collected 625 gold pieces.
You spent 574 gold pieces at shops.

Inventory:

Hand Weapons
 a - a +0 war axe of venom (weapon)
 k - a +1 broad axe
 A - a +2 scimitar of flaming
 B - a +1 flail
Missiles
 i - 2 throwing nets (quivered)
Armour
 b - a +2 helmet (worn)
 c - a +0 buckler (worn)
 n - a +1 pair of boots (worn)
 v - a +0 cloak (worn)
 D - the +1 plate armour of Atheism (worn) {Regen+ Int-3 SInv}
   (You bought it in a shop on level 9 of the Dungeon)

   Int:       It affects your intelligence (-3).
   SInv:      It lets you see invisible.
   Regen:     It increases your rate of health regeneration.
Jewellery
 g - a +6 ring of strength (left hand)
 l - a ring of resist corrosion
 p - a ring of flight (right hand)
 C - a ring of protection from cold
Wands
 y - a wand of iceblast (8)
Scrolls
 o - a scroll of silence
 q - 3 scrolls of enchant armour
 r - a scroll of teleportation
 u - a scroll of amnesia
 w - a scroll of holy word
 x - a scroll of enchant weapon
Potions
 d - 2 potions of might
 e - 9 potions of curing
 f - 4 potions of mutation
 h - 4 potions of brilliance
 j - a potion of haste
 m - 2 potions of ambrosia
 s - a potion of heal wounds
 t - 2 potions of resistance
 z - a potion of cancellation {unknown}


   Skills:
 + Level 8.0 Fighting
 + Level 10.8 Axes
 + Level 7.9 Armour
 - Level 0.2 Dodging
 + Level 6.1 Shields
 * Level 8.4 Invocations
 * Level 0.8 Evocations


You had 10 spell levels left.
You didn't know any spells.
Your spell library contained the following spells:

 Spells                   Type           Power      Damage    Failure   Level
 Apportation              Tloc           0%         N/A       100%        1
 Pain                     Necr           0%         1d4       100%        1
 Dazzling Flash           Conj/Hex       0%         N/A       100%        3
 Gell's Gravitas          Tloc           0%         N/A       100%        3
 Inner Flame              Hex/Fire       0%         N/A       100%        3
 Teleport Other           Tloc           0%         N/A       100%        3
 Cause Fear               Hex            0%         N/A       100%        4
 Agony                    Necr           0%         N/A       100%        5
 Excruciating Wounds      Necr           0%         N/A       100%        5
 Silence                  Hex/Air        0%         N/A       100%        5
 Dispersal                Tloc           0%         N/A       100%        6
 Discord                  Hex            0%         N/A       100%        8
 Animate Skeleton         Necr           Unusable   N/A       N/A         1
 Summon Small Mammal      Summ           Unusable   N/A       N/A         1

Dungeon Overview and Level Annotations

Branches:
Dungeon (10/15)            Temple (0/1) D:5         Ossuary (visited)
   Lair: D:8-11         Orc: D:9-12

Altars:
Okawaru
Vehumet

Shops:
D:8 (   D:9 =?[


Innate Abilities, Weirdness & Mutations

You are immune to sickness and miasma.
Your stone body is resilient. (AC +8)
You are immune to poison.
You resist negative energy. (rN+)
You are resistant to electric shocks. (rElec)
You are resistant to unholy torment.
You are immune to petrification.
You are clumsy. (Dex -2)


Message History

The kobold demonologist is moderately wounded.
You hit the hellwing. You closely miss the sun demon. The hellwing hits you!
The hellwing hits you.
The kobold demonologist gestures wildly while chanting.
The sun demon hits you.
You are engulfed in flames!
You slash the kobold demonologist!
The kobold demonologist looks as sick as possible!
The kobold demonologist is heavily wounded.
You hit the hellwing. You hit the sun demon but do no damage.
The hellwing hits you but does no damage.
The hellwing hits you.
The kobold demonologist hits you but does no damage.
The sun demon hits you but does no damage.
You barely miss the kobold demonologist.
The kobold demonologist is severely wounded.
You barely miss the sun demon. You hit the hellwing but do no damage.
You are no longer corroded.
The hellwing hits you but does no damage. x2
The sun demon hits you!
You are engulfed in flames!!
* * * LOW HITPOINT WARNING * * *
The kobold demonologist gestures wildly while chanting.
You closely miss the kobold demonologist.
The kobold demonologist is severely wounded.
You barely miss the hellwing. You closely miss the sun demon.
The sun demon closely misses you.
The hellwing hits you but does no damage. x2
The kobold demonologist hits you but does no damage.
Unknown command.
As you read the scroll of teleportation, it crumbles to dust.
You feel strangely unstable. You block the sun demon's attack.
The hellwing hits you but does no damage.
The hellwing hits you.
* * * LOW HITPOINT WARNING * * *
The kobold demonologist hits you but does no damage.
The quasit bites you but does no damage.
The quasit claws you but does no damage.
The quasit closely misses you. The sun demon hits you.
* * * LOW HITPOINT WARNING * * *
You are engulfed in flames!
You die...

#### ....##
######
#.^.##....##
#...###..#
##....##.######
##....##'....#
##[...#####.#
#.5..# #.#
#@3..#####.#
#K45$#.....#
#5...#.....#
#4...#.###.#
#....#.# #.#
#..^.#.###.#
....##.[<#.#
...##....#.#.#
#..))))...#


You could see a sun demon (summoned, very poisoned), 2 hellwings, a kobold
demonologist (extremely poisoned), 2 quasits and an ufetubus (summoned).

Vanquished Creatures
  Erica (D:8)
  A kobold demonologist (D:6)
  2 hornets
  A wraith (D:9)
  Eustachio (D:6)
  2 wargs (D:6)
  A water moccasin (D:7)
  An acid dragon (D:10)
  7 orc warriors
  2 sky beasts (D:7)
  11 ogres
  3 black bears
  4 centaurs
  A phantom (D:3)
  3 kobold brigands
  2 bullfrogs (D:7)
  6 gnoll sergeants
  11 scorpions (Ossuary)
  5 wights (D:8)
  4 killer bees (D:9)
  10 howler monkeys
  2 electric eels (D:7)
  A centaur zombie (Ossuary)
  8 hounds
  11 orc priests
  3 gnoll shamans (D:6)
  3 jellies
  Natasha (thrice) (D:2)
  5 iguanas
  14 orc wizards
  9 scorpion zombies (Ossuary)
  4 mummies
  Robin (D:3)
  31 gnolls
  7 adders
  2 shadow imps
  3 white imps
  A worm (D:2)
  A dart slug (D:1)
  37 orcs
  7 ball pythons
  9 endoplasms
  6 giant cockroaches
  A gnoll zombie (Ossuary)
  18 goblins
  10 hobgoblins
  2 quokkas (D:3)
  5 bats
  3 frilled lizards
  4 hobgoblin zombies
  13 kobolds
  3 kobold zombies (Ossuary)
  3 orc zombies
  9 rats
318 creatures vanquished.

Vanquished Creatures (collateral kills)
  An endoplasm (D:1)
1 creature vanquished.

Vanquished Creatures (others)
  A white imp (D:7)
  5 plants
6 creatures vanquished.

Grand Total: 325 creatures vanquished

Notes
Turn   | Place    | Note
-------+----------+-------------------------------------------
     0 | D:1      | bande the Gargoyle Fighter began the quest for the Orb.
     0 | D:1      | Reached XP level 1. HP: 14/14 MP: 1/1
   447 | D:1      | Reached XP level 2. HP: 16/19 MP: 2/2
   640 | D:1      | Found a faded altar of an unknown god.
   642 | D:1      | Reached skill level 2 in Axes
   920 | D:1      | Reached XP level 3. HP: 24/24 MP: 3/3
  1362 | D:2      | Reached XP level 4. HP: 29/29 MP: 4/4
  1372 | D:2      | Found an iron altar of Okawaru.
  1380 | D:2      | Became a worshipper of Warmaster Okawaru
  1638 | D:2      | Noticed Natasha
  1646 | D:2      | Killed Natasha
  1647 | D:2      | Reached skill level 1 in Invocations
  1737 | D:2      | Noticed Natasha
  1754 | D:2      | Killed Natasha
  1755 | D:2      | Reached skill level 3 in Axes
  2087 | D:2      | Noticed Natasha
  2101 | D:2      | Killed Natasha
  2102 | D:2      | Reached XP level 5. HP: 22/33 MP: 6/6
  2560 | D:3      | Noticed Robin
  2569 | D:3      | Killed Robin
  2750 | D:3      | Noticed a phantom
  2761 | D:3      | Killed a phantom
  2762 | D:3      | Reached XP level 6. HP: 37/38 MP: 7/7
  3285 | D:3      | Reached skill level 4 in Axes
  3480 | D:4      | Found a sand-covered staircase.
  3485 | D:4      | Reached * piety under Okawaru
  3490 | Ossuary  | Entered an ossuary
  3613 | Ossuary  | Reached XP level 7. HP: 28/44 MP: 9/9
  3950 | Ossuary  | Reached skill level 5 in Axes
  4065 | Ossuary  | Reached ** piety under Okawaru
  4368 | Ossuary  | Reached XP level 8. HP: 48/48 MP: 9/11
  4404 | Ossuary  | Reached skill level 6 in Axes
  4417 | Ossuary  | Reached skill level 5 in Fighting
  4642 | D:4      | Reached skill level 5 in Armour
  5408 | D:5      | Entered Level 5 of the Dungeon
  5574 | D:5      | Reached skill level 7 in Axes
  5577 | D:5      | Reached skill level 5 in Invocations
  5578 | D:5      | Reached *** piety under Okawaru
  5579 | D:5      | Reached XP level 9. HP: 47/54 MP: 12/12
  5713 | D:5      | Found a staircase to the Ecumenical Temple.
  5761 | D:5      | Found a radiant altar of Vehumet.
  6839 | D:6      | Reached skill level 8 in Axes
  6881 | D:6      | Reached skill level 5 in Shields
  6976 | D:6      | Reached **** piety under Okawaru
  7249 | D:6      | Noticed Eustachio
  7266 | D:6      | Killed Eustachio
  7463 | D:6      | Reached XP level 10. HP: 48/61 MP: 14/14
  7595 | D:6      | Reached skill level 9 in Axes
  7646 | D:6      | Reached ***** piety under Okawaru
  7765 | D:6      | Noticed a kobold demonologist
  7775 | D:6      | Gained mutation: You are clumsy. (Dex -2) [a neqoxec]
  7782 | D:6      | Noticed a soul eater
  9019 | D:6      | Noticed an orange demon
  9026 | D:6      | Killed a kobold demonologist
  9799 | D:7      | Reached skill level 10 in Axes
 10895 | D:8      | Noticed Erica
 10903 | D:8      | Killed Erica
 10903 | D:8      | Identified the +1 ring mail of the Blessed Realm {rF+ Int+3
                  | Slay-6} (Okawaru gifted it to you on level 8 of the
                  | Dungeon)
 10903 | D:8      | Received a gift from Okawaru
 10904 | D:8      | Reached XP level 11. HP: 55/68 MP: 16/16
 11596 | D:8      | Found Qegeibu's Weapon Shoppe.
 11920 | D:9      | Found Peerau's Armour Boutique.
 11927 | D:9      | Bought the +1 plate armour of Atheism {Regen+ Int-3 SInv}
                  | for 526 gold pieces
 12048 | D:9      | Found Jebi's Magic Scroll Shop.
 12056 | D:9      | Bought a scroll of noise for 12 gold pieces
 12059 | D:9      | Bought a scroll of teleportation for 36 gold pieces
 12128 | D:9      | Found Feoff's Jewellery Emporium.
 12765 | D:10     | Entered Level 10 of the Dungeon
 13145 | D:10     | Noticed a sun demon
 13150 | D:10     | HP: 2/68 [sun demon[a kobold demonologist] (6)]
 13150 | D:10     | Mangled by a sun demon

Illustrated notes

Levels and vault maps discovered:
D:1:      erik_arrival_blinker_ship, layout_loops_cross,
          dreamdust_ecumenical_altar_grove
D:2:      layout_rooms, basic_altar, uniq_natasha
D:3:      layout_loops_corners, uniq_robin
D:4:      layout_basic, nicolae_ossuary_entry_giza
D:5:      layout_loops_cross, amcnicky_altar_gilded,
          minmay_temple_entry_glassed_door, minmay_hedge_maze
D:6:      lemuel_castle_with_subvaults [lemuel_castle_interior_carwin_1],
          layout_rooms, uniq_eustachio
D:7:      layout_basic, minmay_misc_feat_plants, corexii_hall_statues_x,
          roderic_lattice_a, amethyst_killhole, serial_bayou_pond_b
D:8:      layout_gridville, minmay_misc_feat_ornament, nicolae_take_the_stairs,
          grunt_decor_mini_mirrors, minmay_orc_keep, uniq_erica
D:9:      layout_stronghold, serial_shops, shop, nicolae_shop_advertising_works
          [nicolae_subvault_shop_adworks], shop
D:10:     layout_basic, nzn_random_ring

Skill      XL: |  1  2  3  4  5  6  7  8  9 10 11 |
---------------+----------------------------------+-----
Axes           | 2 3 4 5 7 8 10 | 10.8
Invocations    | 2 3 4 5 6 7 8 |  8.4
Fighting       | 4 5 6 7 8 |  8.0
Armour         | 4 5 6 7 |  7.9
Shields        | 4 5 6 |  6.1
Dodging        | |  0.2
Evocations     | |  0.8

Action                   |  1- 3 |  4- 6 |  7- 9 | 10-12 || total
-------------------------+-------+-------+-------+-------++-------
Melee: War axe           |    94 |   157 |   383 |   376 ||  1010
  Use: Scroll            |     2 |     1 |    12 |     8 ||    23
       Potion            |       |     1 |       |     4 ||     5
Armor: Scale mail        |    62 |    46 |       |       ||   108
       Chain mail        |       |    76 |   289 |   140 ||   505
       Plate armour      |       |       |       |   222 ||   222
Dodge: Dodged            |    34 |    65 |   156 |   153 ||   408
Block: Buckler           |    11 |    40 |    91 |   103 ||   245

Table legend: (Time is in decaauts)
 A = Elapsed time spent in this place.
 B = Non-inter-level travel time spent in this place.
 C = Inter-level travel time spent in this place.
 D = Time resting spent in this place.
 E = Time spent auto-exploring this place.
 F = Levels seen in this place.
 G = Mean time per level.
                   A        B        C        D        E       F      G
               +--------+--------+--------+--------+--------+-----+--------+
         Total |  13380 |  13237 |    143 |   3639 |   6837 |  11 | 1216.4 |
       Dungeon |  12216 |  12073 |    143 |   3153 |   6482 |  10 | 1221.6 |
       Ossuary |   1164 |   1164 |      0 |    486 |    355 |   1 | 1164.0 |
               +--------+--------+--------+--------+--------+-----+--------+

Top non-repeatable levels by time:
     D:6: 3024 daAuts
     D:7: 1616 daAuts
     D:9: 1324 daAuts
     D:3: 1214 daAuts
     D:1: 1189 daAuts
 Ossuary: 1164 daAuts
     D:2: 1124 daAuts
     D:4: 879 daAuts
     D:8: 870 daAuts
     D:5: 857 daAuts
    D:10: 115 daAuts
